 Dungeon Crawl Stone Soup version 0.28-a0-1213-g0243856f03 (webtiles) character file.

Game seed: 9701118027561143664

364 frimble the Slasher (level 6, 0/44 HPs)
             Began as a Demonspawn Warper on Dec 22, 2021.
             Succumbed to an orc's poison
             ... on level 4 of the Dungeon.
             The game lasted 00:03:11 (3997 turns).

frimble the Slasher (Demonspawn Warper)             Turns: 3997, Time: 00:03:12

Health: 0/44       AC:  6    Str: 11    XL:     6   Next: 39%
Magic:  18/18      EV: 12    Int: 16    God:
Gold:   174        SH:  0    Dex: 13    Spells: 7/9 levels left

rFire   . . .      SeeInvis .   a - +0 falchion
rCold   . . .      Faith    .   (no shield)
rNeg    . . .      Spirit   .   b - +0 leather armour
rPois   .          Reflect  .   e - +2 hat
rElec   .          Harm     .   (no cloak)
rCorr   .          Rampage  .   (no gloves)
Will    .....                   i - +0 pair of boots
Stlth   +.........              (no amulet)
HPRegen 0.14/turn               f - ring of magical power
MPRegen 0.32/turn               (no ring)

@: lethally poisoned (0 -> 0), studying Throwing
A: horns 1, magic regeneration
a: no special abilities


You were on level 4 of the Dungeon.
You visited 1 branch of the dungeon, and saw 5 of its levels.

You collected 174 gold pieces.

Inventory:

Hand Weapons
 a - a +0 falchion (weapon)
 d - a +1 dagger of venom
Armour
 b - a +0 leather armour (worn)
 e - a +2 hat (worn)
 g - a +2 kite shield
 i - a +0 pair of boots (worn)
Jewellery
 f - a ring of magical power (left hand)
Scrolls
 c - a scroll of blinking
 j - 3 scrolls of teleportation
 m - a scroll of identify
 o - a scroll of torment


   Skills:
 - Level 2.0 Fighting
 + Level 3.8 Long Blades
 + Level 1.6 Throwing
 - Level 0.9 Armour
 - Level 3.7 Dodging
 + Level 2.9 Shields
 - Level 2.0 Spellcasting
 - Level 2.7 Translocations


You had 7 spell levels left.
You knew the following spells:

 Your Spells              Type           Power      Damage    Failure   Level
a - Blink                 Tloc           20%        N/A       14%         2

Your spell library contained the following spells:

 Spells                   Type           Power      Damage    Failure   Level
 Gell's Gravitas          Tloc           10%        N/A       26%         3
 Lesser Beckoning         Tloc           10%        N/A       26%         3
 Teleport Other           Tloc           10%        N/A       26%         3
 Manifold Assault         Tloc           10%        N/A       94%         5


Dungeon Overview and Level Annotations

Branches:
Dungeon (5/15)
 Temple: D:4-7

Altars:

Annotations:
D:4 3 runed translucent doors, Menkaure; bearlyready's ghost, amateur DrCj


Innate Abilities, Weirdness & Mutations

You have a pair of small horns on your head.
You regenerate magic rapidly.


Message History

You feel very sick.
The orc hits you with a +1 dagger of venom.
You are lethally poisoned!
You hit the orc but do no damage.
The orc is moderately wounded.
You feel very sick. The orc hits you but does no damage.
You hit the orc.
You kill the orc!
* * * LOW HITPOINT WARNING * * *
You feel very sick.
You aren't carrying any potions.
As you read the scroll labelled HAANWO BUISIER, it crumbles to dust.
You feel aware of your surroundings.
It was a scroll of magic mapping.
* * * LOW HITPOINT WARNING * * *
You feel very sick.
As you read the scroll labelled ONWIAHEONK, it crumbles to dust.
It is a scroll of identify.
o - a scroll of torment
* * * LOW HITPOINT WARNING * * *
You feel sick.
Okay, then.
Unknown command.
You aren't carrying any potions.
* * * LOW HITPOINT WARNING * * *
You feel sick.
Things that are here:
a +1 dagger of venom; an orc corpse
d - a +1 dagger of venom
* * * LOW HITPOINT WARNING * * *
You feel sick.
* * * LOW HITPOINT WARNING * * *
You feel sick.
* * * LOW HITPOINT WARNING * * *
You feel sick.
* * * LOW HITPOINT WARNING * * *
You feel sick.
* * * LOW HITPOINT WARNING * * *
You feel sick.
You die...

#
#.###...#.#.#.#...#..........#
# #.#
#...#.#[#.#.#.#.###.###### #
#.# #####.#.#.#.....# #.......
# #.#######.#.#.#<..###
########
####.........#.#.############
...........................>#
...............##############
..........#############
......###..†....@..(..#
..#####,##.........##.#
###.....,#.........##.#
#........##........##.#
....###...#........##.#
...##.....#........##.#
Z..#.....##........##.#
..##..5W.#.........##.#
..#,.=ZZZ#.........##.#


There were no monsters in sight!

Vanquished Creatures
  An ogre (D:5)
  3 scorpions
  A hound skeleton (D:3)
  4 adders
  A worm (D:5)
  2 dart slugs
  4 orcs
  3 bats
  7 endoplasms
  4 hobgoblins
  3 jackals (D:3)
  7 kobolds
  3 quokkas
  6 ball pythons
  5 frilled lizards
  2 rats
56 creatures vanquished.

Notes
Turn   | Place    | Note
-------+----------+-------------------------------------------
     0 | D:1      | frimble the Demonspawn Warper began the quest for the Orb.
     0 | D:1      | Reached XP level 1. HP: 16/16 MP: 3/3
     2 | D:1      | Noticed an electric eel
   120 | D:1      | Reached skill level 1 in Throwing
   403 | D:1      | Gained mutation: You have a pair of small horns on your
                  | head. [demonic ancestry]
   403 | D:1      | Reached XP level 2. HP: 22/22 MP: 5/5
   915 | D:2      | Gained mutation: You regenerate magic rapidly. [demonic
                  | ancestry]
   915 | D:2      | Reached XP level 3. HP: 21/27 MP: 6/6
   999 | D:2      | Learned a level 2 spell: Blink
  1595 | D:2      | Reached skill level 1 in Shields
  1611 | D:2      | Found a faded altar of an unknown god.
  2021 | D:3      | Reached XP level 4. HP: 33/33 MP: 7/7
  2707 | D:4      | Noticed bearlyready's ghost (amateur DrCj)
  2707 | D:4      | Noticed an ice beast
  2732 | D:4      | Noticed a scorpion
  2834 | D:4      | Found a runed translucent gate.
  2834 | D:4      | Found a runed translucent gate.
  2834 | D:4      | Found a runed translucent gate.
  2850 | D:4      | Noticed a scorpion
  2877 | D:4      | Killed a scorpion
  2878 | D:4      | Reached XP level 5. HP: 26/38 MP: 8/8
  3019 | D:4      | Noticed Menkaure
  3030 | D:5      | Entered Level 5 of the Dungeon
  3081 | D:5      | Noticed an ogre
  3092 | D:5      | HP: 2/57 [ogre (14)]
  3096 | D:5      | Killed an ogre
  3333 | D:5      | Reached XP level 6. HP: 34/44 MP: 9/9
  3541 | D:5      | Noticed a sky beast
  3995 | D:4      | HP: 2/44 [poisoned by an orc]
  3997 | D:4      | Succumbed to an orc's poison

Illustrated notes

Levels and vault maps discovered:
D:1:      arrival_aquarium_a, layout_rooms
D:2:      layout_loops_ring, dreamdust_ecumenical_altar_angels_and_demons
D:3:      layout_basic, serial_park_tiny_pond
D:4:      layout_basic, gammafunk_ghost_icy, uniq_menkaure
D:5:      layout_loops_cross

Skill      XL: |  1  2  3  4 |
---------------+-------------+-----
Throwing       | 1 |  1.6
Long Blades    | 2 3 |  3.8
Dodging        | 2 3 |  3.7
Shields        | 1 2 |  2.9
Fighting       | |  2.0
Armour         | |  0.9
Spellcasting   | |  2.0
Translocations | |  2.7

Action                   |  1- 3 |  4- 6 || total
-------------------------+-------+-------++-------
Melee: Falchion          |   108 |   116 ||   224
       Headbutt          |    10 |    13 ||    23
Throw: Boomerang         |       |     5 ||     5
 Cast: Blink             |       |     2 ||     2
  Use: Scroll            |     1 |     2 ||     3
       Potion            |       |     3 ||     3
Armor: Leather armour    |    37 |    39 ||    76
       Skin              |       |     2 ||     2
Dodge: Dodged            |    72 |   113 ||   185

Table legend: (Time is in decaauts)
 A = Elapsed time spent in this place.
 B = Non-inter-level travel time spent in this place.
 C = Inter-level travel time spent in this place.
 D = Time resting spent in this place.
 E = Time spent auto-exploring this place.
 F = Levels seen in this place.
 G = Mean time per level.
                   A        B        C        D        E       F      G
               +--------+--------+--------+--------+--------+-----+--------+
         Total |   4036 |   3940 |     96 |      0 |   3361 |   5 |  807.2 |
       Dungeon |   4036 |   3940 |     96 |      0 |   3361 |   5 |  807.2 |
               +--------+--------+--------+--------+--------+-----+--------+

Top non-repeatable levels by time:
     D:2: 1049 daAuts
     D:4: 1042 daAuts
     D:1: 835 daAuts
     D:3: 588 daAuts
     D:5: 519 daAuts
